 Dungeon Crawl Stone Soup version 0.26.0-10-g1f06aea511 (webtiles) character file.

Game seed: 5298995804908577744

177 inc the Vexing (level 5, -1/25 HPs)
             Began as a Felid Enchanter on Feb 1, 2021.
             Slain by a gnoll
             ... wielding a +0 halberd
              (4 damage)
             ... on level 4 of the Dungeon.
             The game lasted 00:07:24 (6043 turns).

inc the Vexing (Felid Enchanter)                    Turns: 6043, Time: 00:07:25

Health: -1/25      AC:  2    Str: 10    XL:     5   Next: 30%
Magic:  0/9        EV: 19    Int: 16    God:
Gold:   105        SH:  0    Dex: 19    Spells: 0/8 levels left
                                        Lives:  0   Deaths: 1

rFire    . . .     SeeInvis +     - Unarmed
rCold    . . .     Faith    .   (shield unavailable)
rNeg     . . .     Spirit   +   (armour unavailable)
rPois    .         Reflect  .   (helmet unavailable)
rElec    .         Harm     .   (cloak unavailable)
rCorr    .         Rampage  .   (gloves unavailable)
Will     .....                  (boots unavailable)
Stlth    +++.......             a - amulet of guardian spirit
HPRegen  0.08/turn              g - +6 ring of strength
MPRegen  0.11/turn              j - ring of wizardry

@: quick
A: very small, no armour, no weapons or thrown items, stealth, claws 1, fangs 3,
see invisible, speed 1, shaggy fur 2, sharp paws
a: no special abilities


You were on level 4 of the Dungeon.
You visited 1 branch of the dungeon, and saw 5 of its levels.

You collected 105 gold pieces.

Inventory:

Jewellery
 a - an amulet of guardian spirit (around neck)
 g - a +6 ring of strength (left paw)
 j - a ring of wizardry (right paw)
 n - an uncursed ring of resist corrosion
Scrolls
 f - a scroll of blinking {unknown}
 l - 3 scrolls of magic mapping
Potions
 b - a potion of resistance {unknown}
 c - 2 potions of haste {unknown}
 d - 2 potions of heal wounds
 e - a potion of attraction {unknown}
 i - a potion of degeneration
 k - a potion of ambrosia
 p - a potion of mutation {unknown}
 q - a potion of lignification {unknown}


   Skills:
 - Level 3.6 Fighting
 + Level 3.8 Dodging
 - Level 4.0 Stealth
 - Level 3.2 Unarmed Combat
 - Level 2.0 Spellcasting
 - Level 6.6 Hexes


You couldn't memorise any spells.
You knew the following spells:

 Your Spells              Type           Power        Failure   Level
a - Tukima's Dance        Hex            22%          1%          3
b - Ensorcelled Hibernat  Hex/Ice        24%          3%          2
c - Confusing Touch       Hex            22%          1%          3

Your spell library contained the following spells:

 Spells                   Type           Power        Failure   Level
 Corona                   Hex            24%          1%          1
 Dazzling Flash           Conj/Hex       24%          6%          3
 Gell's Gravitas          Tloc           0%           24%         3
 Metabolic Englaciation   Hex/Ice        6%           50%         5
 Yara's Violent Unravell  Hex/Tmut       6%           50%         5
 Petrify                  Tmut/Erth      1%           58%         4


Dungeon Overview and Level Annotations

Branches:
Dungeon (5/15)
 Temple: D:4-7

Altars:
Hepliaklqana
Trog
The Shining One


Innate Abilities, Weirdness & Mutations

You cannot wear armour.
You are incapable of wielding weapons or throwing items.
Your paws allow you to move quietly. (Stealth)
You have sharp claws.
You have razor-sharp teeth.
You have supernaturally acute eyesight. (SInv)
You cover ground quickly.
You are covered in thick fur. (AC +2)
Your sharp claws are effective at attacking unaware monsters.


Message History

The orc wizard resists with some effort.
The orc priest calls down the wrath of Beogh upon you.
Beogh smites you!
You hear a bark!
A hound comes into view.
You open the door.
There is an open door here.
Found a stone staircase leading up.
The gnoll shouts!
You scratch the gnoll. Your claw misses the gnoll. You bite the gnoll.
The gnoll is severely wounded.
The gnoll hits you with a +0 halberd!
* * * LOW HITPOINT WARNING * * *
You closely miss the gnoll.
The gnoll is severely wounded.
The orc barely misses you. The gnoll hits you but does no damage.
Unknown command.
The orc misses you. The gnoll hits you with a +0 halberd.
You die...

# #......# ###?# #
#.....^# #...# #
#......# #.### #
#......#####.# #
#......#...$.## #
#.....oo..#... # #
#......#o.#.##.# #
###..o.#..g...<# #
#....###?##.@....#
# .....
#o###.##.## #
...#....o..#.. ..
# ...#.......####
.# .. #.#...h.# #
# #.....# #......
#......# ######.#


You could see an orc wizard, a gnoll and 2 orcs.

Vanquished Creatures
  A scorpion (D:2)
  2 hounds (D:4)
  An orc priest (D:5)
  A worker ant (D:4)
  Terence (D:2)
  A killer bee zombie (D:2)
  A hound zombie (D:3)
  A hound skeleton (D:4)
  A gnoll (D:4)
  A worm (D:3)
  4 dart slugs
  2 leopard geckos
  8 orcs
  2 ball pythons
  3 giant cockroaches
  7 goblins
  9 hobgoblins
  5 jackals (D:2)
  12 bats
  8 frilled lizards
  4 kobolds
  A quokka skeleton (D:4)
  10 rats
86 creatures vanquished.

Notes
Turn   | Place    | Note
-------+----------+-------------------------------------------
     0 | D:1      | inc the Felid Enchanter began the quest for the Orb.
     0 | D:1      | Reached XP level 1. HP: 7/7 MP: 4/4
  1049 | D:1      | Reached XP level 2. HP: 11/11 MP: 6/6
  1756 | D:1      | Learned a level 2 spell: Ensorcelled Hibernation
  2359 | D:1      | Reached XP level 3. HP: 14/14 MP: 7/7
  3035 | D:2      | Reached skill level 1 in Fighting
  3111 | D:2      | Found a hazy altar of Hepliaklqana.
  3388 | D:2      | Reached XP level 4. HP: 16/19 MP: 8/8
  3392 | D:2      | Learned a level 3 spell: Confusing Touch
  3667 | D:2      | Noticed Terence
  3923 | D:2      | Killed Terence
  3924 | D:2      | Reached XP level 5. HP: 18/25 MP: 3/9
  4365 | D:3      | Found a faded altar of an unknown god.
  4472 | D:3      | Found a glowing golden altar of the Shining One.
  5183 | D:3      | Reached skill level 5 in Hexes
  5308 | D:4      | Reached skill level 6 in Hexes
  5360 | D:4      | Gained mutation: You are covered in thick fur. (AC +2)
                  | [Felid growth]
  5360 | D:4      | Reached XP level 6. HP: 24/28 MP: 2/10
  5368 | D:5      | Entered Level 5 of the Dungeon
  5480 | D:3      | Learned a level 3 spell: Tukima's Dance
  5521 | D:4      | Found a bloodstained altar of Trog.
  6014 | D:4      | Killed from afar by an orc priest
  6015 | D:4      | Reached XP level 5. HP: -1/25 MP: 0/9
  6043 | D:4      | Slain by a gnoll

Illustrated notes

Levels and vault maps discovered:
D:1:      arrival_zaba_pyramid, layout_basic
D:2:      minmay_razor_zed, layout_rooms, lemuel_doored_altar, uniq_terence
D:3:      layout_basic, lemuel_coloured_pillars_altar,
          chequers_ecumenical_altar_simple_redux, nrook_mini_vaults
D:4:      layout_basic, kennysheep_mini_moat, minmay_temple_entry_fiery
D:5:      layout_loops_cross, serial_shops, nicolae_shop_waterfront,
          shop_statue, shop, shop, shop, minmay_misc_feat_cross

Skill      XL: |  1  2  3  4  5  6 |
---------------+-------------------+-----
Unarmed Combat | 2 3 |  3.2
Fighting       | 2 3 |  3.6
Hexes          | 6 |  6.6
Dodging        | 3 |  3.8
Stealth        | |  4.0
Spellcasting   | |  2.0

Action                   |  1- 3 |  4- 6 || total
-------------------------+-------+-------++-------
Melee: Unarmed           |   131 |    76 ||   207
       Bite              |     7 |     6 ||    13
       Punch             |     1 |     1 ||     2
 Cast: Ensorcelled Hiber |    24 |    43 ||    67
  Use: Scroll            |       |     9 ||     9
 Stab: Sleeping          |    22 |    32 ||    54
Armor: Skin              |    12 |     3 ||    15
Dodge: Dodged            |   107 |    86 ||   193
